 Dungeon Crawl Stone Soup version 0.30.1 (webtiles) character file.

Game seed: 6075502548338269575

3406 boopmooplesden the Cruncher (level 9, -1/69 HPs)
             Began as a Demonspawn Gladiator on July 11, 2023.
             Was a Believer of Trog.
             Slain by a vampire
             ... wielding a +1 vampiric halberd
              (7 damage)
             ... in a bailey.
             The game lasted 00:12:18 (8058 turns).

boopmooplesden the Cruncher (Demonspawn Gladiator)  Turns: 8058, Time: 00:12:18

Health: -1/69      AC: 17    Str: 23    XL:     9   Next: 75%
Magic:  9/9        EV: 12    Int:  9    God:    Trog [**....]
Gold:   535        SH:  0    Dex: 15    Spells: 8/8 levels left

rFire   . . .        a - +0 quarterstaff (venom)
rCold   + + .        (shield currently unavailable)
rNeg    . . .        D - +3 scale mail {rC+}
rPois   .            c - +1 helmet
rElec   .            w - +2 cloak "Cask" {Str+4 SInv}
rCorr   +            (no gloves)
SInv    +            b - +0 pair of boots
Will    .....        (no amulet)
Stlth   +            l - ring of protection from cold
HPRegen 0.31/turn    y - ring of resist corrosion
MPRegen 0.11/turn

%: no passive effects
@: mighty, on berserk cooldown, slowed, very slow
A: hooves 2, demonic magic 2
a: Renounce Religion, Berserk, Trog's Hand


You were in a bailey.
You worshipped Trog.
Trog was pleased with you.
You visited 2 branches of the dungeon, and saw 10 of its levels.
You also visited: Sewer and Bailey.

You collected 535 gold pieces.

Inventory:

Hand Weapons
 a - a +0 quarterstaff of venom (weapon)
Missiles
 e - a javelin (quivered)
Armour
 b - a +0 pair of boots (worn)
 c - a +1 helmet (worn)
 t - a +0 chain mail
 w - the +2 cloak "Cask" (worn) {Str+4 SInv}
   (You acquired it on level 6 of the Dungeon)

   Str:       It affects your strength (+4).
   SInv:      It lets you see invisible.
 D - a +3 scale mail of cold resistance (worn)
Jewellery
 h - a ring of poison resistance
 l - a ring of protection from cold (left hand)
 y - a ring of resist corrosion (right hand)
Wands
 s - a wand of mindburst (5)
 u - a wand of roots (10)
 B - a wand of polymorph (4)
Scrolls
 d - 6 scrolls of identify
 i - 2 scrolls of fog
 k - 2 scrolls of amnesia
 o - 2 scrolls of immolation
 p - a scroll of magic mapping
 q - 2 scrolls of teleportation
 r - 2 scrolls of fear
 x - a scroll of blinking
Potions
 f - a potion of might
 g - a potion of cancellation {unknown}
 j - a potion of degeneration {unknown}
 m - 4 potions of curing
 n - 2 potions of lignification {unknown}
 v - 3 potions of brilliance {unknown}
 z - a potion of invisibility {unknown}
 A - a potion of attraction {unknown}
 C - a potion of experience {unknown}


   Skills:
 + Level 6.0 Fighting
 + Level 9.0 Staves
 + Level 2.0 Throwing
 + Level 5.6 Armour
 + Level 5.0 Dodging
 + Level 3.0 Stealth
 + Level 0.4 Evocations


You had 8 spell levels left.
You didn't know any spells.
Your spell library contained the following spells:

 Spells                   Type           Power      Damage    Failure   Level
 Freeze                   Ice            0%         1d3       67%         1
 Frozen Ramparts          Ice            0%         1d1       96%         3
 Hailstorm                Conj/Ice       0%         3d3       96%         3
 Inner Flame              Hex/Fire       0%         N/A       96%         3
 Yara's Violent Unravell  Hex/Tmut       0%         3d3       100%        5
 Enfeeble                 Hex            0%         N/A       100%        7


Dungeon Overview and Level Annotations

Branches:
Dungeon (9/15)             Temple (1/1) D:6           Sewer (visited)
 Bailey (1/1)
   Lair: D:8-11         Orc: D:9-12

Altars:
Ashenzari
Cheibriados
Dithmenos
Fedhas
Hepliaklqana
Kikubaaqudgha
Makhleb
Nemelex Xobeh
Okawaru
Qazlal
Ru
Sif Muna
Trog
Uskayaw
Vehumet
Wu Jian
Xom
Yredelemnul

Annotations:
D:8 Maurice


Innate Abilities, Weirdness & Mutations

You have hoof-like feet.
Spells you cast may paralyse nearby enemies.


Message History

The vampire is moderately damaged.
The vampire barely misses you.
The vampire bites you but does no damage.
You hit the vampire but do no damage.
The vampire is moderately damaged.
The vampire hits you but does no damage.
The vampire closely misses you.
The vampire hits you with a +1 vampiric halberd!
The vampire draws strength from your wounds!
The vampire completely misses you.
You feel very mighty all of a sudden.
The vampire mumbles some strange words.
The vampire flickers and vanishes for a moment.
You hit the vampire.
The vampire is moderately damaged.
The vampire barely misses you.
The vampire bites you but does no damage.
You sock the vampire!
The vampire is severely damaged.
The vampire closely misses you.
The vampire bites you but does no damage.
The vampire hits you with a +1 vampiric halberd.
* * * LOW HITPOINT WARNING * * *
The vampire draws strength from your wounds!
The vampire bites you but does no damage.
You hit the vampire but do no damage.
The vampire is heavily damaged.
The vampire hits you with a +1 vampiric halberd.
* * * LOW HITPOINT WARNING * * *
The vampire draws strength from your wounds!
The vampire barely misses you.
You hit the vampire but do no damage.
The vampire is heavily damaged.
The vampire hits you with a +1 vampiric halberd.
* * * LOW HITPOINT WARNING * * *
The vampire bites you.
* * * LOW HITPOINT WARNING * * *
The vampire draws strength from your injuries!
The vampire hits you with a +1 vampiric halberd!
You die...

#..#....##........♣
#..##)...#...♣.....
#...##)..##)♣....♣.
#8...)..##..♣)♣.♣..
######....##.......♣..
##8...##...#...♣....♣..
#!.....##..#....♣....♣.
#8!.##...#..#.......♣...
# ##@.'..#....♣......
#.V'..#.......##'#
#...#..#8..#####))#
.....##.8#####..)'))#
#....###### #.÷.####
##### #...# #####


You could see a vampire (invisible).

Vanquished Creatures
  Pikel (D:7)
  Psyche (D:8)
  A shadow (D:9)
  A wraith (D:5)
  A steam dragon (D:6)
  Menkaure (D:5)
  An acid dragon (D:9)
  A water moccasin (Sewer)
  An orc warrior (D:7)
  2 ice beasts
  A black bear (D:5)
  A sky beast (D:7)
  3 ogres
  2 kobold brigands (D:7)
  A bullfrog (D:6)
  A scorpion (D:5)
  A killer bee (D:7)
  A howler monkey (D:7)
  2 jellies
  5 orc priests
  A hound (D:4)
  A gnoll bouda (D:7)
  An iron imp (D:6)
  4 sleepcaps
  5 orc wizards
  2 river rats (D:4)
  8 adders
  7 gnolls
  2 worms (D:2)
  5 dart slugs (D:2)
  29 orcs
  7 bats
  11 endoplasms
  4 giant cockroaches
  7 goblins
  3 hobgoblins
  4 jackals (D:1)
  10 ball pythons
  3 frilled lizards
  16 kobolds
  11 orc zombies (Bailey)
  6 rats
176 creatures vanquished.

Notes
Turn   | Place    | Note
-------+----------+-------------------------------------------
     0 | D:1      | boopmooplesden the Demonspawn Gladiator began the quest for
                  | the Orb.
     0 | D:1      | Reached XP level 1. HP: 16/16 MP: 1/1
    12 | D:1      | Gained mutation: You have large cloven feet. [demonic
                  | ancestry]
    12 | D:1      | Reached XP level 2. HP: 22/22 MP: 2/2
    44 | D:1      | Reached skill level 3 in Staves
   666 | D:2      | Gained mutation: Spells you cast may paralyse adjacent
                  | enemies. [demonic ancestry]
   666 | D:2      | Reached XP level 3. HP: 26/28 MP: 3/3
  1032 | D:2      | Gained mutation: You have hoof-like feet. [demonic
                  | ancestry]
  1032 | D:2      | Reached XP level 4. HP: 28/34 MP: 4/4
  1815 | D:3      | Reached skill level 4 in Staves
  1824 | D:3      | Gained mutation: Spells you cast may paralyse nearby
                  | enemies. [demonic ancestry]
  1824 | D:3      | Reached XP level 5. HP: 27/39 MP: 5/5
  1907 | D:3      | Found an ornate altar of the Wu Jian Council.
  2068 | D:4      | Found a glowing drain.
  2104 | Sewer    | Entered a sewer
  2134 | Sewer    | Noticed a water moccasin
  2147 | Sewer    | Killed a water moccasin
  2148 | Sewer    | Reached skill level 5 in Staves
  2148 | Sewer    | Reached skill level 1 in Armour
  2148 | Sewer    | Reached XP level 6. HP: 36/47 MP: 6/6
  2934 | D:4      | Found a shimmering blue altar of Sif Muna.
  3332 | D:5      | Entered Level 5 of the Dungeon
  3395 | D:5      | Found a radiant altar of Vehumet.
  3430 | D:5      | Reached XP level 7. HP: 6/52 MP: 7/7
  3826 | D:5      | Noticed a wraith
  3844 | D:5      | Killed a wraith
  3845 | D:5      | Reached skill level 6 in Staves
  3955 | D:5      | Found a sacrificial altar of Ru.
  4004 | D:5      | Reached skill level 1 in Stealth
  4103 | D:5      | Found a shimmering altar of Xom.
  4153 | D:5      | Noticed Menkaure
  4162 | D:5      | Killed Menkaure
  4163 | D:5      | Reached XP level 8. HP: 12/60 MP: 8/8
  4760 | D:6      | Found a snail-covered altar of Cheibriados.
  4777 | D:6      | Identified a scroll of acquirement
  4777 | D:6      | Acquired the +2 cloak "Cask" {Str+4 SInv}
  4855 | D:6      | Found a staircase to the Ecumenical Temple.
  4872 | Temple   | Entered the Ecumenical Temple
  4894 | Temple   | Became a worshipper of Trog the Wrathful
  5094 | D:6      | Found a shadowy altar of Dithmenos.
  5157 | D:6      | Found a blossoming altar of Fedhas.
  5310 | D:6      | Reached skill level 7 in Staves
  5818 | D:7      | Found a broken altar of Ashenzari.
  5964 | D:7      | Reached XP level 9. HP: 67/67 MP: 9/9
  5972 | D:7      | Reached * piety under Trog
  6029 | D:7      | Reached skill level 5 in Armour
  6227 | D:7      | Reached skill level 5 in Fighting
  6909 | D:7      | Found an iron altar of Okawaru.
  6909 | D:7      | Noticed Pikel
  6926 | D:7      | Killed Pikel
  6927 | D:7      | Reached skill level 8 in Staves
  7306 | D:8      | Noticed Psyche
  7320 | D:8      | Killed Psyche
  7542 | D:8      | Noticed Maurice
  7662 | D:9      | Found a flagged portal.
  7682 | D:9      | Reached skill level 9 in Staves
  7682 | D:9      | Reached skill level 5 in Dodging
  7685 | Bailey   | Entered a bailey
  8025 | Bailey   | Reached ** piety under Trog
  8058 | Bailey   | Slain by a vampire

Illustrated notes

Levels and vault maps discovered:
D:1:      dpeg_arrival_long_road, layout_rooms, minmay_unequal
D:2:      layout_basic, kennysheep_generic_room_5
D:3:      layout_basic, overflow_temple_1_default, minmay_fountain_box
D:4:      layout_basic, tgw_sif, portal_sewer_entry_a,
          hangedman_decor_diamond_cutter, minmay_quadrilaterals
D:5:      layout_basic, general_overflow_altar, grunt_temple_overflow_open,
          grunt_ministairs_1, kennysheep_small_spiral, minmay_misc_feat_pillars,
          minmay_misc_feat_ornament, hex_tiny, uniq_menkaure
D:6:      layout_rooms, slow_altar_1, mainiacjoe_overflow_24_doors,
          nicolae_dithmenos_shadow_blocks, minmay_temple_entry_grid,
          serial_corexii_hall, corexii_hall_statues_x,
          chequers_hall_statues_wall_a
D:7:      layout_basic, mainiacjoe_overflow_surrounded_room,
          mainiacjoe_overflow_tiny_flanked, minmay_fractal_squares_gapless_5,
          uniq_pikel
D:8:      layout_loops_corners, nicolae_overflow_two_pavilions,
          gammafunk_ghost_wrathful_warriors, uniq_maurice, uniq_psyche
D:9:      layout_stronghold, enter_bailey_4, uniq_maggie
Temple:   chequers_temple_sunken
Bailey:   bailey_polearm_vampire_castle_hellmonk, bailey

Skill      XL: |  1  2  3  4  5  6  7  8  9 |
---------------+----------------------------+-----
Staves         | 3 4 5 6 7 9 |  9.0
Dodging        | 3 4 5 |  5.0
Fighting       | 3 4 6 |  6.0
Armour         | 1 2 3 4 5 |  5.6
Stealth        | 1 2 3 |  3.0
Throwing       | 2 |  2.0
Evocations     | |  0.4

Action                     |  1- 3 |  4- 6 |  7- 9 || total
---------------------------+-------+-------+-------++-------
  Melee: Quarterstaff      |    73 |   160 |   343 ||   576
         Kick              |    12 |    42 |    25 ||    79
         Unarmed           |       |       |     6 ||     6
  Throw: Throwing net      |       |     2 |     2 ||     4
         Javelin           |       |       |     1 ||     1
 Invoke: Berserk           |       |       |     2 ||     2
  Evoke: Wand              |       |     3 |       ||     3
    Use: Scroll            |     1 |     8 |     5 ||    14
         Potion            |       |       |     2 ||     2
   Stab: Sleeping          |     1 |       |       ||     1
         Held in net/web   |       |       |     3 ||     3
 Armour: Ring mail         |    29 |    71 |    10 ||   110
         Leather armour    |     5 |       |       ||     5
         Chain mail        |       |       |   140 ||   140
         Scale mail        |       |       |    12 ||    12
  Dodge: Dodged            |    42 |   130 |   170 ||   342
